 Dungeon Crawl Stone Soup version 0.28.0-47-ge53b351184 (webtiles) character file.

Game seed: 3615748075351852467

12206 Kaptain the Geomancer (level 11, -14/71 HPs)
             Began as a Gargoyle Earth Elementalist on May 4, 2022.
             Demolished by a snapping turtle (18 damage)
             ... on level 2 of the Lair of Beasts.
             The game lasted 00:17:58 (13397 turns).

Kaptain the Geomancer (GrEE)                       Turns: 13397, Time: 00:17:58

Health: -14/71     AC: 17    Str: 12    XL:     11   Next: 89%
Magic:  2/23       EV: 12    Int: 24    God:
Gold:   585        SH:  0    Dex: 13    Spells: 22/26 levels left

rFire   . . .      SeeInvis .   G - +9 halberd of Wuruaj {vorpal, Fly rN+}
rCold   . . .      Faith    .   (shield currently unavailable)
rNeg    + + .      Spirit   .   I - +1 ring mail of Xalur {+Inv rCorr Int+4 Dex+3}
rPois   ∞          Reflect  .   i - +0 helmet
rElec   +          Harm     .   M - scarf {repulsion}
rCorr   +          Rampage  .   q - +0 pair of gloves
Will    .....                   (no boots)
Stlth   +.........              J - amulet of the acrobat
HPRegen 0.21/turn               (no ring)
MPRegen 0.18/turn               (no ring)

@: flying, repel missiles
A: sickness immunity, AC +8, negative energy resistance 1, electricity
resistance, torment resistance 1, petrification resistance
a: Evoke Invisibility


You were on level 2 of the Lair of Beasts.
You visited 3 branches of the dungeon, and saw 11 of its levels.

You collected 585 gold pieces.

Inventory:

Hand Weapons
 a - a +0 long sword
 b - a +2 short sword of venom
 k - the +6 mace "Beetlebane" {vorpal, rN+ Dex+2}
   (You found it on level 3 of the Dungeon)

   It inflicts extra damage upon your enemies.
   Dex:       It affects your dexterity (+2).
   rN:        It protects you from negative energy.
 p - a +0 hunting sling
 s - a +1 flail of protection
 x - a +0 hand crossbow
 G - the +9 halberd of Wuruaj (weapon) {vorpal, Fly rN+}
   (You found it on level 8 of the Dungeon)

   It inflicts extra damage upon your enemies.
   rN:        It protects you from negative energy.
   Fly:       It grants you flight.
Missiles
 c - 255 stones
 l - 63 sling bullets
 H - a throwing net
Armour
 i - a +0 helmet (worn)
 n - a +0 cloak
 q - a +0 pair of gloves (worn)
 I - the +1 ring mail of Xalur (worn) {+Inv rCorr Int+4 Dex+3}
   (You found it on level 8 of the Dungeon)

   Int:       It affects your intelligence (+4).
   Dex:       It affects your dexterity (+3).
   +Inv:      It lets you turn invisible.
   rCorr:     It protects you from acid and corrosion.
 L - the +3 robe of Siruh {Drain rN+++ Int-3 Stlth+}
   (You found it on level 8 of the Dungeon)

   Int:       It affects your intelligence (-3).
   rN:        It renders you almost immune to negative energy.
   Drain:     It drains your maximum health when unequipped.
   Stlth:     It makes you more stealthy.
 M - a scarf of repulsion (worn)
Jewellery
 h - a ring of resist corrosion
 J - an amulet of the acrobat (around neck)
Wands
 w - a wand of polymorph (6)
 B - a wand of mindburst (13)
Scrolls
 d - 2 scrolls of amnesia
 f - 2 scrolls of teleportation
 o - 3 scrolls of blinking
 u - a scroll of holy word {unknown}
 v - 4 scrolls of identify
 D - a scroll of fog
 K - 2 scrolls of magic mapping
Potions
 e - a potion of flight
 g - 2 potions of brilliance
 j - 2 potions of mutation
 m - a potion of berserk rage
 r - a potion of lignification
 t - a potion of cancellation
 F - a potion of magic


   Skills:
 * Level 9.1 Fighting
 + Level 6.2 Armour
 - Level 5.0 Dodging
 - Level 2.1 Stealth
 * Level 8.0 Spellcasting
 * Level 9.3 Conjurations
 - Level 0.7 Transmutations
 * Level 10.7 Earth Magic


You had 22 spell levels left.
You knew the following spells:

 Your Spells              Type           Power      Damage    Failure   Level
a - Sandblast             Erth           100%       2d20      1%          1
b - Stone Arrow           Conj/Erth      100%       3d13      1%          3

Your spell library contained the following spells:

 Spells                   Type           Power      Damage    Failure   Level
 Passwall                 Tmut/Erth      30%        N/A       1%          2
 Petrify                  Tmut/Erth      37%        N/A       12%         4
 Corpse Rot               Necr/Air       18%        N/A       21%         2
 Poisonous Vapours        Pois/Air       18%        N/A       21%         2
 Tukima's Dance           Hex            9%         N/A       36%         3
 Passage of Golubria      Tloc           9%         N/A       78%         4
 Yara's Violent Unravell  Hex/Tmut       5%         3d4       97%         5


Dungeon Overview and Level Annotations

Branches:
Dungeon (8/15)             Temple (1/1) D:6            Lair (2/6) D:8
 Shoals (0/4) Lair:2
  Snake: Lair:2-4    Spider: Lair:2-4

Altars:
Ashenzari
Cheibriados
Dithmenos
Elyvilon
Fedhas
Gozag
Hepliaklqana
Kikubaaqudgha
Makhleb
Nemelex Xobeh
Okawaru
Qazlal
Ru
Sif Muna
Trog
Uskayaw
Vehumet
Wu Jian
Xom
Yredelemnul
Zin
The Shining One

Annotations:
D:3 2 transporters, gememama's ghost, amateur OpHu
Lair:2 Nergalle


Innate Abilities, Weirdness & Mutations

You are immune to sickness and miasma.
Your stone body is resilient. (AC +8)
You are immune to poison.
You resist negative energy. (rN+)
You are resistant to electric shocks. (rElec)
You are resistant to unholy torment.
You are immune to petrification.


Message History

Casting: Stone Arrow (safe; 1% risk of failure)
Confirm with . or Enter, or press ? or * to list all spells.
Aiming: Stone Arrow (safe; 1% risk of failure)
Press: ? - help, Shift-Dir - straight line, f - snapping turtle
Aim: a snapping turtle (92% to hit)
The stone arrow hits the snapping turtle!
The snapping turtle is moderately wounded.
Unknown command.
Casting: Stone Arrow (safe; 1% risk of failure)
Confirm with . or Enter, or press ? or * to list all spells.
Aiming: Stone Arrow (safe; 1% risk of failure)
Press: ? - help, Shift-Dir - straight line, f/p - snapping turtle
Aim: a snapping turtle (moderately wounded, 92% to hit)
The stone arrow hits the snapping turtle.
The snapping turtle is moderately wounded.
Unknown command.
Casting: Stone Arrow (safe; 1% risk of failure)
Confirm with . or Enter, or press ? or * to list all spells.
Aiming: Stone Arrow (safe; 1% risk of failure)
Press: ? - help, Shift-Dir - straight line, f/p - snapping turtle
Aim: a snapping turtle (moderately wounded, 92% to hit)
The stone arrow hits the snapping turtle!!
The snapping turtle is heavily wounded.
The snapping turtle bites you from afar!!
* * * LOW HITPOINT WARNING * * *
You feel better.
The snapping turtle bites you from afar.
* * * LOW HITPOINT WARNING * * *
Aiming: Mindburst
Press: ? - help, Shift-Dir - straight line, f/p - snapping turtle
Aim: a snapping turtle (heavily wounded, chance to affect: 47%)
The snapping turtle resists with some effort.
The snapping turtle bites you from afar.
* * * LOW HITPOINT WARNING * * *
Aiming: Mindburst
Press: ? - help, Shift-Dir - straight line, f/p - snapping turtle
Aim: a snapping turtle (heavily wounded, chance to affect: 47%)
The snapping turtle resists with some effort.
The snapping turtle bites you from afar!!
You die...

#.# #.P ##. #.. ##### ≈.P. #.#
##...## ≈...##### #######.#
#≈≈#.....# ≈.....#P# #.....#.#
#≈≈#.t>..+ .>..(...##
♣.♣♣♣.#.####≈≈#.....# ≈........##
..♣ ♣....##≈≈≈##@..##≈≈#........#
♣.♣♣♣.#...#.≈≈≈#####≈≈≈......<.##
#....†#......≈≈≈≈≈≈≈≈≈≈.....†..#
#######.......≈≈≈≈≈≈≈≈#........##
#...###...........#≈≈≈#.........#
###....#...........#≈#..........#
##...†...................>...P#
#.............................#
##........................#....


You could see a snapping turtle.

Vanquished Creatures
  4 hydras (Lair:2)
  2 death yaks (Lair:2)
  7 cane toads
  3 komodo dragons
  2 hornets
  6 blink frogs (Lair:2)
  Prince Ribbit (D:5)
  3 yaks (D:6)
  A wraith (D:6)
  3 basilisks
  2 water moccasins (Lair:1)
  2 black bears
  2 orc warriors
  5 ogres
  2 centaurs
  2 phantoms
  Blork the orc (D:5)
  A gnoll sergeant (D:8)
  3 scorpions
  7 bullfrogs
  2 electric eels
  A centaur zombie (D:8)
  A crimson imp (D:5)
  3 jellies
  A hound (D:6)
  A bullfrog skeleton (D:6)
  2 bullfrog zombies (D:6)
  A centaur skeleton (D:7)
  2 orc priests (D:5)
  7 iguanas
  8 orc wizards
  A killer bee zombie (D:7)
  Robin (D:2)
  4 gnolls (D:8)
  8 adders
  2 shadow imps
  A white imp (D:5)
  2 adder skeletons (D:4)
  A dart slug (D:2)
  15 orcs
  8 ball pythons
  3 bats
  7 endoplasms
  4 giant cockroaches
  19 goblins
  11 hobgoblins
  5 jackals
  6 kobolds
  2 quokkas
  4 frilled lizards
  3 rats
195 creatures vanquished.

Vanquished Creatures (others)
  12 fungi
  21 plants
33 creatures vanquished.

Grand Total: 228 creatures vanquished

Notes
Turn   | Place    | Note
-------+----------+-------------------------------------------
     0 | D:1      | Kaptain the Gargoyle Earth Elementalist began the quest for
                  | the Orb.
     0 | D:1      | Reached XP level 1. HP: 10/10 MP: 3/3
   522 | D:1      | Reached XP level 2. HP: 16/16 MP: 5/5
   674 | D:2      | Found a burning altar of Makhleb.
   802 | D:2      | Reached skill level 1 in Conjurations
   935 | D:2      | Reached skill level 1 in Fighting
   935 | D:2      | Reached XP level 3. HP: 20/20 MP: 3/6
   939 | D:2      | Learned a level 3 spell: Stone Arrow
  1265 | D:2      | Reached skill level 4 in Earth Magic
  1498 | D:2      | Noticed Robin
  2010 | D:2      | Killed Robin
  2011 | D:2      | Reached XP level 4. HP: 25/25 MP: 3/7
  2050 | D:3      | Found a faded altar of an unknown god.
  2296 | D:3      | Found a transporter.
  2298 | D:3      | Noticed gememama's ghost (amateur OpHu)
  2301 | D:3      | Identified the +6 mace "Beetlebane" {vorpal, rN+ Dex+2}
  2306 | D:3      | Noticed an ogre
  2433 | D:3      | Noticed a necrophage
  2523 | D:3      | Found a shimmering blue altar of Sif Muna.
  2561 | D:3      | Killed an ogre
  2562 | D:3      | Reached skill level 1 in Armour
  2562 | D:3      | Reached XP level 5. HP: 30/30 MP: 0/9
  2674 | D:3      | Reached XP level 6. HP: 24/36 MP: 2/10
  2780 | D:3      | Found a transporter.
  3136 | D:3      | Reached skill level 5 in Earth Magic
  3570 | D:4      | Reached XP level 7. HP: 39/41 MP: 7/12
  4252 | D:5      | Entered Level 5 of the Dungeon
  4694 | D:5      | Reached skill level 6 in Earth Magic
  4694 | D:5      | Reached XP level 8. HP: 48/48 MP: 6/14
  4797 | D:5      | Noticed Prince Ribbit
  4871 | D:5      | Killed Prince Ribbit
  5084 | D:5      | Noticed Blork the orc
  5093 | D:5      | Killed Blork the orc
  5094 | D:5      | Reached skill level 5 in Conjurations
  5982 | D:6      | Reached skill level 5 in Fighting
  6322 | D:6      | Reached skill level 7 in Earth Magic
  6322 | D:6      | Reached XP level 9. HP: 54/54 MP: 12/16
  6362 | D:6      | Reached skill level 5 in Spellcasting
  6519 | D:6      | You fall into a shaft and drop 1 floor!
  6746 | D:6      | Found a staircase to the Ecumenical Temple.
  6754 | Temple   | Entered the Ecumenical Temple
  7950 | D:6      | Reached skill level 8 in Earth Magic
  8257 | D:7      | Noticed a hornet
  8265 | D:7      | Killed a hornet
  8633 | D:7      | Reached XP level 10. HP: 54/61 MP: 5/18
  9076 | D:8      | Identified the +9 halberd of Wuruaj {vorpal, Fly rN+}
  9107 | D:8      | Identified the +1 ring mail of Xalur {+Inv rCorr Int+4
                  | Dex+3}
  9406 | D:8      | Found a staircase to the Lair.
  9654 | D:8      | Noticed a kobold demonologist
  9910 | D:8      | Identified the +3 robe of Siruh {Drain rN+++ Int-3 Stlth+}
 10147 | Lair:1   | Entered Level 1 of the Lair of Beasts
 10267 | Lair:1   | Noticed a cane toad
 10272 | Lair:1   | Noticed a cane toad
 10273 | Lair:1   | Killed a cane toad
 10278 | Lair:1   | Killed a cane toad
 10397 | Lair:1   | Noticed a cane toad
 10397 | Lair:1   | Noticed a cane toad
 10405 | Lair:1   | Killed a cane toad
 10406 | Lair:1   | Reached skill level 9 in Earth Magic
 10409 | Lair:1   | Killed a cane toad
 10410 | Lair:1   | Reached skill level 5 in Armour
 10548 | Lair:1   | Noticed a cane toad
 10553 | Lair:1   | Killed a cane toad
 11503 | Lair:2   | Noticed a seven-headed hydra
 11508 | Lair:2   | Killed a seven-headed hydra
 11509 | Lair:2   | Reached XP level 11. HP: 68/68 MP: 8/21
 11837 | Lair:2   | Noticed a six-headed hydra
 11843 | Lair:2   | Killed a six-headed hydra
 12053 | Lair:2   | Noticed Nergalle
 12064 | Lair:2   | Reached skill level 10 in Earth Magic
 12126 | Lair:2   | Noticed a six-headed hydra
 12138 | Lair:2   | Killed a six-headed hydra
 12546 | Lair:2   | Noticed a six-headed hydra
 12556 | Lair:2   | Killed a six-headed hydra
 12557 | Lair:2   | Reached skill level 5 in Dodging
 12801 | Lair:2   | Noticed a death yak
 12801 | Lair:2   | Noticed a death yak
 12802 | Lair:2   | Noticed a death yak
 12905 | Lair:2   | Noticed a death yak
 12926 | Lair:2   | Killed a death yak
 12927 | Lair:2   | Noticed a death yak
 12929 | Lair:2   | Noticed a death yak
 13231 | Lair:2   | Killed a death yak
 13391 | Lair:2   | Found a staircase to the Shoals.
 13394 | Lair:2   | HP: 3/71 [snapping turtle (19)]
 13397 | Lair:2   | Demolished by a snapping turtle

Illustrated notes

Levels and vault maps discovered:
D:1:      ncdulo_smallfort, layout_loops_ring, minmay_misc_feat_chi
D:2:      layout_rooms, basic_altar, uniq_robin
D:3:      layout_loops_ring, mainiacjoe_overflow_chevrons,
          chequers_ecumenical_altar_simple_redux, gammafunk_ghost_arena,
          minmay_divided_ellipse
D:4:      layout_cave_pools
D:5:      layout_loops_corners, minmay_fire_ice_demons, uniq_blork_the_orc,
          uniq_prince_ribbit1
D:6:      layout_loops_corners, minmay_temple_entry_trees
D:7:      layout_basic
D:8:      layout_basic, david_lair_shrubbed, lightli_corner_chamber
Temple:   kilobyte_greek_temple
Lair:1:   layout_gridlike, bh_autumn_forest_stairs
Lair:2:   nzn_winding_woodlands_large [nzn_winding_woodlands_5x5_three,
          nzn_winding_woodlands_5x15_pathside_ponds,
          nzn_winding_woodlands_5x5_default,
          nzn_winding_woodlands_center_triple_pond,
          nzn_winding_woodlands_15x15_boxy_spiral,
          nzn_winding_woodlands_center_garden,
          nzn_winding_woodlands_5x5_perimeter,
          nzn_winding_woodlands_5x15_river_crossing,
          nzn_winding_woodlands_5x5_open_star], layout_cave_pods,
          minmay_shoals_entry_hut, uniq_nergalle

Skill      XL: |  1  2  3  4  5  6  7  8  9 10 11 |
---------------+----------------------------------+-----
Conjurations   | 1 2 3 4 5 6 8 9 |  9.3
Fighting       | 1 2 3 4 5 6 7 9 |  9.1
Earth Magic    | 4 5 6 7 8 9 10 | 10.7
Dodging        | 2 3 4 5 |  5.0
Armour         | 1 2 3 4 5 6 |  6.2
Spellcasting   | 3 4 5 7 8 |  8.0
Stealth        | |  2.1
Transmutations | |  0.7

Action                   |  1- 3 |  4- 6 |  7- 9 | 10-12 || total
-------------------------+-------+-------+-------+-------++-------
Melee: Long sword        |    63 |       |       |       ||    63
       Short sword       |       |    11 |       |       ||    11
       Mace              |       |    47 |    79 |       ||   126
       Punch             |       |       |     1 |       ||     1
       Halberd           |       |       |       |    40 ||    40
 Cast: Sandblast         |    26 |    43 |    27 |     8 ||   104
       Stone Arrow       |       |     5 |    86 |   116 ||   207
Evoke: Wand              |       |       |       |     2 ||     2
  Use: Scroll            |     1 |       |     7 |    14 ||    22
       Potion            |     1 |       |     1 |     3 ||     5
 Stab: Sleeping          |     2 |       |       |       ||     2
Armor: Ring mail         |    45 |    50 |    70 |    53 ||   218
Dodge: Dodged            |    51 |    47 |    56 |    72 ||   226
